Workbook
Name IQ_CH: 110000
Name IQ_CQ: 5000
Name IQ_CY: 10000
Name IQ_DAILY: 500000
Name IQ_FH: 100000
Name IQ_FQ: 500
Name IQ_FY: 1000
Name IQ_LTM: 2000
Name IQ_MONTH: 15000
Name IQ_NTM: 6000
Name IQ_WEEK: 50000
Name IQ_YTD: 3000

Sheet Input Data
B2: Input Data
B4: Building Cost | C4: 12000 | E4: Market Value of building at Salvage | F4: 7500
B5: Equipment Cost | C5: 8000 | E5: Market Value of Equipment at Salvage | F5: 2000
B6: Net Operating Working Capital/Sales | C6: 0.1 | E6: Tax rate | F6: 0.4
B7: First Year Sales (units) | C7: 20000 | E7: WACC | F7: 0.12
B8: Growth rate in units sold | C8: 0 | E8: Inflation: Growth in sales price | F8: 0.02
B9: Sales Price per unit | C9: 3 | E9: Inflation: Growth in VC | F9: 0.02
B10: Variable Cost per unit | C10: 2.1 | E10: Inflation: Growth in fixed cost | F10: 0.01
B11: Fixed Cost | C11: 8000

Sheet Proj. N'Cash Flow
C1: All the $ figures are in 000s
C2: Year | D2: 0 | E2: 1 | F2: 2 | G2: 3 | H2: 4
D3: 2008 | E3: 2009 | F3: 2010 | G3: 2011 | H3: 2012
B4: Investment Outlay - Long Term investments
C5: Bulding | D5: -12000 | E5: 0 | F5: 0 | G5: 0 | H5: 0
C6: Equipment | D6: -8000 | E6: 0 | F6: 0 | G6: 0 | H6: 0
C7: Total | D7: =D5+D6 -> -20000 | E7: 0 | F7: 0 | G7: 0 | H7: 0
B8: Operating Cash Flow of the Project
C9: Units Sold | D9: 0 | E9: 20000 | F9: =E9 -> 20000 | G9: =F9 -> 20000 | H9: =G9 -> 20000
C10: Sales Price | D10: 0 | E10: 3 | F10: =E10*1.02 -> 3.06 | G10: =F10*1.02 -> 3.1212 | H10: =G10*1.02 -> 3.183624
C11: Sales Revenue | D11: 0 | E11: =E9*E10 -> 60000 | F11: =F9*F10 -> 61200 | G11: =G9*G10 -> 62424 | H11: =H9*H10 -> 63672.48 | I11: 0
C12: Total Variable Cost (Less) | D12: 0 | E12: =E9*2.1 -> 42000 | F12: =E12*1.02 -> 42840 | G12: =F12*1.02 -> 43696.8 | H12: =G12*1.02 -> 44570.736
C13: Total Fixed Operating cost (less) | D13: 0 | E13: 8000 | F13: =E13*1.01 -> 8080 | G13: =F13*1.01 -> 8160.8 | H13: =G13*1.01 -> 8242.408
C14: Dep. (Building) (less) | D14: 0 | E14: ='Depriciation &Salvage Schedule'!C5 -> 156 | F14: ='Depriciation &Salvage Schedule'!D5 -> 312 | G14: ='Depriciation &Salvage Schedule'!E5 -> 312 | H14: ='Depriciation &Salvage Schedule'!F5 -> 312
C15: Dep. (Equipment) (less) | D15: 0 | E15: ='Depriciation &Salvage Schedule'!C9 -> 1600 | F15: ='Depriciation &Salvage Schedule'!D9 -> 2560 | G15: ='Depriciation &Salvage Schedule'!E9 -> 1520 | H15: ='Depriciation &Salvage Schedule'!F9 -> 960
C16: Operating Income before taxes (EBIT) | D16: 0 | E16: =E11-SUM(E12:E15) -> 8244 | F16: =F11-SUM(F12:F15) -> 7408 | G16: =G11-SUM(G12:G15) -> 8734.4 | H16: =H11-SUM(H12:H15) -> 9587.336
C17: Tax on operating Income (40%) (less) | D17: 0 | E17: =0.4*E16 -> 3297.6 | F17: =0.4*F16 -> 2963.2 | G17: =0.4*G16 -> 3493.76 | H17: =0.4*H16 -> 3834.9344
C18: NOPAT | D18: 0 | E18: =E16-E17 -> 4946.4 | F18: =F16-F17 -> 4444.8 | G18: =G16-G17 -> 5240.64 | H18: =H16-H17 -> 5752.4016
C19: Add back the Dep. | D19: 0 | E19: =E14+E15 -> 1756 | F19: =F14+F15 -> 2872 | G19: =G14+G15 -> 1832 | H19: =H14+H15 -> 1272
C20: Total | D20: 0 | E20: =E18+E19 -> 6702.4 | F20: =F18+F19 -> 7316.8 | G20: =G18+G19 -> 7072.64 | H20: =H18+H19 -> 7024.4016
B22: Cash Flow due to net operating working capital change
C23: Net Operating working capital (based on sales) | E23: =E11*10% -> 6000 | F23: =10%*F11 -> 6120 | G23: =10%*G11 -> 6242.4 | H23: =10%*H11 -> 6367.248 | I23: =10%*I11 -> 0
C24: Cash flow due to investments in NOWC | D24: -6000 | E24: -120 | F24: =F23-G23 -> -122.4 | G24: =G23-H23 -> -124.848 | H24: =H23-I23 -> 6367.248
B26: Salvage cash Flow- long term assets
C27: Net Salvage cash Flow (Building) | D27: 0 | E27: 0 | F27: 0 | G27: 0 | H27: ='Depriciation &Salvage Schedule'!C22 -> 8863.2
C28: Net Salvage cash Flow (Equipement) | D28: 0 | E28: 0 | F28: 0 | G28: 0 | H28: ='Depriciation &Salvage Schedule'!D22 -> 1744
C29: Total CF from Salvage | D29: =SUM(D27:D28) -> 0 | E29: =SUM(E27:E28) -> 0 | F29: =SUM(F27:F28) -> 0 | G29: =SUM(G27:G28) -> 0 | H29: =SUM(H27:H28) -> 10607.2
B30: Project Net cash Flow | D30: =D7+D20+D24+D29 -> -26000 | E30: =E7+E20+E24+E29 -> 6582.4 | F30: =F7+F20+F24+F29 -> 7194.4 | G30: =G7+G20+G24+G29 -> 6947.792 | H30: =H7+H20+H24+H29 -> 23998.85
D32: t = 0 | E32: t = 1 | F32: t = 2 | G32: t = 3 | H32: t = 4
G35: NPV | H35: =NPV(12%, E30:H30)+D30 -> 5809.4784
G36: IRR | H36: =IRR(D30:H30) -> 0.2012327

Sheet Depriciation &Salvage Schedule
B2: Depriciation Schedule | C2: 2009 | D2: 2010 | E2: 2011 | F2: 2012
G3: Residual Value of Asset
A4: 12000 | B4: Building Dep. Rate | C4: 0.013 | D4: 0.026 | E4: 0.026 | F4: 0.026
B5: Annual Building Dep | C5: =C4*$A$4 -> 156 | D5: =D4*$A$4 -> 312 | E5: =E4*$A$4 -> 312 | F5: =F4*$A$4 -> 312 | G5: =A4-SUM(C5:F5) -> 10908
B6: Book Value of Building (cost-comm. Dep)
A8: 8000 | B8: Equipment Dep. Rate | C8: 0.2 | D8: 0.32 | E8: 0.19 | F8: 0.12
B9: Annual Equipment. Dep | C9: =C8*$A$8 -> 1600 | D9: =D8*$A$8 -> 2560 | E9: =E8*$A$8 -> 1520 | F9: =F8*$A$8 -> 960 | G9: =A8-SUM(C9:F9) -> 1360
B10: Book Value of Equipment (cost-comm. Dep)
B16: Net Salvage Value @ end of project | C16: Building | D16: Equipment
B18: Market Value when Salvaged | C18: 7500 | D18: 2000 | E18: Selling Price | F18: Actual Cash
B19: Book value when salvaged | C19: =G5 -> 10908 | D19: =G9 -> 1360 | E19: Cost Price | F19: -
B20: Expected Gain/Loss | C20: =C18-C19 -> -3408 | D20: =D18-D19 -> 640 | F20: -
B21: Taxes paid (tax credit) | C21: =C20*0.4 -> -1363.2 | D21: =0.4*D20 -> 256 | F21: Actual Cash
B22: Net Cash flow from Salvage | C22: =C18-C21 -> 8863.2 | D22: =D18-D21 -> 1744
